 Dungeon Crawl Stone Soup version 0.18.1-48-g4cf74bf (webtiles) character file.

445118 Inkary the Hoplite (level 23, -1/202 (206) HPs)
             Began as a Minotaur Berserker on Sept 4, 2016.
             Was an Elder of Trog.
             Succumbed to a death scarab's dark miasma
             ... on level 1 of the Tomb of the Ancients on Sept 5, 2016.
             The game lasted 03:39:39 (46181 turns).

Inkary the Hoplite (Minotaur Berserker)            Turns: 46181, Time: 03:39:39

HP:   -1/202 (206)  AC: 35    Str: 30      XL:     23   Next: 9%
MP:   26/26         EV: 19    Int:  3      God:    Trog [****..]
Gold: 1413          SH: 27    Dex: 18 (21) Spells: 0 memorised, 22 levels left

rFire  + + +     SeeInvis +     E - +8 eveningstar (holy)
rCold  + . .     Gourm    .     Z - +1 plate armour "Imuigoqa" {rF+++ MR+ Int-4 SInv}
rNeg   + . .     Faith    .     P - +0 large shield
rPois  .         Spirit   .     H - +2 hat {Int+3}
rElec  .         Dismiss  .     L - +1 cloak
rCorr  .         Reflect  .     V - +1 pair of gloves {Str+3}
SustAt .         Harm     .     z - +2 pair of boots of the Assassin {DetectMon Stab+ Stlth++}
MR     ++...     Clarity  +     J - amulet of regeneration
Stlth  ..........               T - ring of Coenufuco {rC+ Dex+4}
                                t - ring of positive energy

@: lethally poisoned (-1 -> -57), exhausted, non-regenerating, diseased, slowed,
very slow, very resistant to hostile enchantments, extremely unstealthy
A: retaliatory headbutt, horns 2, iridescent scales 1, clarity, mutation
resistance 1, strong 1
a: Berserk, Trog's Hand, Brothers in Arms, Burn Spellbooks, Renounce Religion
}: 2/15 runes: serpentine, barnacled


You were on level 1 of the Tomb of the Ancients.
You worshipped Trog.
Trog was greatly pleased with you.
You were not hungry.

You visited 11 branches of the dungeon, and saw 45 of its levels.
You also visited: Volcano.

You collected 4443 gold pieces.
You spent 3030 gold pieces at shops.

Inventory:

Hand Weapons
 l - a +3 antimagic morningstar
 x - a +6 vampiric demon whip
 E - a +8 eveningstar of holy wrath (weapon)
Missiles
 w - 11 throwing nets (quivered)
Armour
 e - a +0 ice dragon armour
 z - the +2 pair of boots of the Assassin (worn) {DetectMon Stab+ Stlth++}
   (You found it on level 8 of the Lair of Beasts)

   It makes you much more stealthy.
 C - the +2 hat of Minor Irritation {Dex+3}
   (You acquired it on level 2 of the Vaults)

   It affects your dexterity (+3).
 H - a +2 hat of intelligence (worn)
 L - a +1 cloak (worn)
 P - a +0 large shield (worn)
 V - a +1 pair of gloves of strength (worn)
 Z - the +1 plate armour "Imuigoqa" (worn) {rF+++ MR+ Int-4 SInv}
   (You found it on level 11 of the Dungeon)

   It affects your intelligence (-4).
   It renders you almost immune to fire.
   It affects your resistance to hostile enchantments.
   It lets you see invisible.
Jewellery
 f - an uncursed ring of poison resistance
 t - a ring of positive energy (left hand)
 v - the ring "Beprooh" {rCorr SInv}
   (You bought it in a shop on level 9 of the Dungeon)

   [ring of resist corrosion]

   It lets you see invisible.
 I - an uncursed ring of fire
 J - an amulet of regeneration (around neck)
 K - an uncursed ring of sustain attributes
 O - an uncursed ring of ice
 T - the ring of Coenufuco (right hand) {rC+ Dex+4}
   (You found it on level 3 of the Crypt)

   [ring of protection from cold]

   It affects your dexterity (+4).
   It protects you from cold.
Wands
 p - a wand of heal wounds (9/9)
 D - a wand of heal wounds (9/9)
 M - a wand of digging (19/24)
 X - a wand of disintegration (20/24)
Scrolls
 a - 4 scrolls of fear
 b - 2 scrolls of recharging
 o - 18 scrolls of remove curse
 s - 13 scrolls of teleportation
 u - 2 scrolls of holy word
 A - 2 scrolls of blinking
 R - 2 scrolls of identify
 U - a scroll of fog
Potions
 d - 6 potions of might
 h - 2 potions of cancellation
 i - a potion of resistance
 j - 2 potions of agility
 k - 3 potions of heal wounds
 B - 2 potions of haste
 Q - 11 potions of curing
 S - 6 potions of cure mutation
Books
 N - an Akashic Record

   Spells                             Type                      Level
   a - Dispersal                      Translocation                6
   b - Malign Gateway                 Summoning/Translocation      7
   c - Disjunction                    Translocation                8
   d - Controlled Blink               Translocation                8
   Trog disapproves of the use of such an item.
Miscellaneous
 q - a stone of tremors
 y - an ornate deck of summoning {drawn: 1}
 G - a lamp of fire
 W - a phantom mirror
 Y - an ornate deck of war {the Blade}
Comestibles
 c - 14 bread rations
 m - 2 fruits
 n - 20 meat rations
 r - 18 beef jerkies


   Skills:
 - Level 17.6 Fighting
 - Level 24.4 Maces & Flails
 - Level 5.0 Throwing
 + Level 18.9 Armour
 - Level 16.0 Dodging
 - Level 25.1 Shields
 - Level 6.1 Evocations


You had 22 spell levels left.
You didn't know any spells.

Dungeon Overview and Level Annotations

Branches:
Dungeon (15/15)            Temple (1/1) D:7            Lair (8/8) D:9
 Shoals (4/4) Lair:4        Snake (4/4) Lair:3        Slime (1/6) Lair:7
    Orc (2/2) D:12            Elf (3/3) Orc:2        Vaults (3/5) D:14
  Crypt (3/3) Vaults:3       Tomb (1/3) Crypt:3      Depths (0/5) D:15

Altars:
Ashenzari
Cheibriados
Dithmenos
Elyvilon
Fedhas
Gozag
Kikubaaqudgha
Makhleb
Nemelex Xobeh
Okawaru
Pakellas
Qazlal
Ru
Sif Muna
Trog
Vehumet
Xom
Yredelemnul
Zin
The Shining One
Beogh

Shops:
D:9 =%(   Orc:2 }:???   Shoals:1 [   Shoals:3 *   Vaults:2 *

Portals:
Trove: Elf:3 (give potion of experience)


Innate Abilities, Weirdness & Mutations

You reflexively headbutt those who attack you in melee.
You have a pair of horns on your head.
You are partially covered in iridescent scales (AC +4).
You possess an exceptional clarity of mind.
You are somewhat resistant to further mutation.
Your muscles are strong. (Str +2)


Message History

Your body is wracked with pain!
* * * LOW HITPOINT WARNING * * *
You are too berserk!
You thump the mummy priest!
The mummy priest convulses!!
The mummy priest is heavily damaged.
* * * LOW HITPOINT WARNING * * *
You feel sick.
The shadow slips into darkness.
The shadow flickers and vanishes for a moment.
You block the shadow's attack.
You bludgeon the mummy priest!!
The mummy priest convulses!!
You destroy the mummy priest!
You feel extremely nervous for a moment...
You convulse helplessly as pain tears through your body!
* * * LOW HITPOINT WARNING * * *
You are no longer berserk.
Trog's vigour flows through your veins.
You are exhausted.
You feel as though you will be slow longer.
You die...

{ #.......#
#.8...8.#
#.......#
#.......#
#.8...8.#
#.......#
#.......# {{
#.8.W...#
#..W@...# {{
##'=M''##
#######.......####
.................
#...............
#.......).......
#...............
#...............
#...............


You could see 2 shadows and a mummy.

Vanquished Creatures
  Mara (Snake:4)
  4 greater mummies (Tomb:1)
  Boris (Vaults:2)
  Vashnia (Snake:2)
  The ghost of Krapule the Warrior, a veteran MiFi of the Shining One (Crypt:1)
  Norris (Snake:2)
  Saint Roka (Crypt:1)
  A curse toe (Crypt:3)
  A bone dragon (Crypt:3)
  Rupert (D:12)
  Jorgrun (Vaults:2)
  3 deep elf blademasters
  2 liches (Crypt:3)
  Polyphemus (Shoals:3)
  4 ancient champions (Crypt:3)
  A kraken (Shoals:2)
  6 sphinxes
  Gastronok (Lair:3)
  Agnes (Snake:3)
  Kirke (Elf:1)
  Ilsuiw (Shoals:3)
  10 greater nagas
  The ghost of tyranidshit the Cleaver, a journeyman DDNe of Makhleb (Lair:4)
  Roxanne (Elf:1)
  4 revenants
  Donald (Elf:1)
  3 frost giants
  2 fire giants (Vaults:3)
  2 deep elf sorcerers (Elf:3)
  6 vault wardens
  Aizul (Elf:1)
  An orc warlord (Orc:2)
  11 ghouls
  10 ironheart preservers
  A war gargoyle (Vaults:3)
  3 stone giants (Vaults:3)
  A reaper (Crypt:2)
  4 vampire knights
  3 deep elf demonologists
  3 deep elf annihilators (Elf:3)
  Azrael (D:12)
  4 merfolk javelineers
  4 dire elephants (Lair:8)
  The ghost of Elystan the Blocker, a journeyman GrMo of Pakellas (D:14)
  8 deep elf death magi
  9 vault guards
  8 eidola
  8 mummy priests
  6 merfolk impalers
  The ghost of PeterLawrence the Basher, a journeyman MiFi of Okawaru (Lair:2)
  A quicksilver dragon zombie (Crypt:1)
  5 yaktaur captains
  A great orb of eyes (shapeshifter) (D:14)
  5 ogre magi
  2 great orbs of eyes (Vaults:1)
  Erolcha (D:12)
  11 jiangshi
  Harold (Lair:3)
  An ice dragon (Vaults:2)
  Josephine (D:10)
  A quicksilver dragon skeleton (Crypt:2)
  26 naga warriors
  11 hydras
  3 merfolk aquamancers
  A catoblepas (Shoals:3)
  7 merfolk avatars
  A rakshasa (Vaults:2)
  9 centaur warriors
  11 anacondas
  29 dancing weapons
  2 alligator snapping turtles
  5 death knights
  13 death yaks
  4 satyrs (Shoals:4)
  8 vampire magi
  2 titan zombies (Crypt:1)
  20 naga sharpshooters
  A storm dragon zombie (Tomb:1)
  4 shock serpents
  A titan skeleton (Crypt:3)
  3 soul eaters
  21 deep elf knights
  16 skeletal warriors
  4 salamander mystics
  17 death scarabs (Tomb:1)
  6 shadow wraiths
  2 unseen horrors
  12 sea snakes
  A deep troll (shapeshifter) (D:14)
  An anaconda zombie (Crypt:2)
  2 giant orange brains
  15 deep elf archers
  12 ironbrand convokers
  5 flayed ghosts
  13 hill giants
  2 anubis guards (Tomb:1)
  The ghost of Inkary the Skirmisher, a novice MiBe of Trog (D:6)
  10 naga ritualists
  14 orc knights
  A golden dragon skeleton (Crypt:3)
  6 phantasmal warriors
  11 harpies
  11 cyclopes
  4 necromancers
  9 mana vipers
  56 deep elf magi
  6 salamanders
  6 wolf spiders
  12 manticores
  An apis zombie (Crypt:1)
  2 hornets
  4 orc sorcerers
  10 griffons
  16 ugly things
  26 fauns
  2 oklob plants (Lair:7)
  A hornet (shapeshifter) (Vaults:1)
  A shadow dragon skeleton (Crypt:1)
  A sphinx skeleton (Crypt:1)
  A moth of wrath (shapeshifter) (Elf:2)
  2 fire giant skeletons
  34 black mambas
  Joseph (D:9)
  5 sirens
  16 elephants
  9 guardian serpents
  19 naga magi
  A dire elephant skeleton (Crypt:1)
  5 water nymphs
  2 frost giant skeletons
  A shock serpent zombie (Crypt:1)
  An iron dragon skeleton (Tomb:1)
  10 spiny frogs
  A hell hog skeleton (Crypt:3)
  2 vault sentinels
  2 molten gargoyles (Volcano)
  6 gargoyles
  A centaur zombie (D:15)
  A torpor snail (Lair:8)
  An elephant slug zombie (Crypt:1)
  A rime drake (Lair:2)
  5 centaur skeletons
  7 komodo dragons
  2 kobold demonologists
  A spriggan druid (Lair:4)
  A yaktaur (shapeshifter) (Vaults:3)
  6 freezing wraiths
  7 yaktaurs
  20 guardian mummies
  A green draconian skeleton (Crypt:1)
  A hydra zombie (Crypt:3)
  3 harpy zombies (Shoals:4)
  8 trolls
  12 two-headed ogres
  14 blink frogs
  19 merfolk
  A shadow dragon simulacrum (Crypt:3)
  2 boulder beetles
  A raiju (shapeshifter) (D:14)
  Grinder (D:6)
  2 two-headed ogres (shapeshifter)
  A sphinx simulacrum (Vaults:3)
  A fire dragon zombie (Crypt:3)
  10 slime creatures
  8 snapping turtles
  2 bog bodies (Crypt:3)
  A hornet zombie (D:14)
  A satyr skeleton (Crypt:1)
  4 wind drakes
  11 flying skulls
  61 yaks
  5 shadows
  A tarantella (Orc:1)
  5 wyverns
  8 water elementals
  6 hogs (Elf:1)
  A redback (Orc:1)
  9 fire elementals
  14 wraiths
  3 fire bats (Lair:2)
  4 basilisks
  14 hippogriffs
  2 mottled dragons
  8 vampire mosquitoes
  Menkaure (D:5)
  11 wargs
  2 soldier ants (D:12)
  A torturous demonspawn zombie (Crypt:3)
  Duvessa (D:7)
  66 nagas
  2 hell hounds (D:11)
  18 water moccasins
  A faun skeleton (Crypt:2)
  13 porcupines
  A sky beast (D:13)
  A putrid demonspawn skeleton (Crypt:1)
  51 orc warriors
  2 eyes of draining (D:14)
  6 ice beasts
  A manticore zombie (Crypt:2)
  4 black bears
  2 necrophages
  A phantom (D:4)
  4 wasps
  23 centaurs
  8 wolves
  25 ogres
  A blink frog skeleton (Crypt:3)
  17 crocodiles
  2 hog skeletons
  A big kobold (D:7)
  2 human zombies (Vaults:3)
  An elf zombie (Crypt:3)
  17 giant frogs
  Blork the orc (D:6)
  2 gnoll sergeants
  3 earth elementals
  A wyvern zombie (D:14)
  Dowan (D:7)
  11 scorpions
  A water moccasin skeleton (Crypt:2)
  A spriggan zombie (Crypt:2)
  A troll zombie (Crypt:2)
  The ghost of lawna the Cudgeler, a weakling CeGl (D:3)
  7 wights
  A spriggan skeleton (Crypt:2)
  4 electric eels
  A howler monkey (D:6)
  4 crimson imps
  5 jellies
  A giant frog zombie (D:6)
  A human simulacrum (Vaults:1)
  2 quasits
  A two-headed ogre zombie (Crypt:1)
  7 hounds
  Crazy Yiuf (D:5)
  3 gnoll shamans (D:5)
  13 orc priests
  4 giant frog skeletons
  9 iguanas
  9 orc wizards
  14 worker ants
  2 killer bee zombies
  13 sheep
  An ogre skeleton (Crypt:3)
  11 mummies (Tomb:1)
  A worker ant zombie (D:5)
  12 adders
  42 gnolls
  2 howler monkey skeletons
  A scorpion zombie (Crypt:3)
  69 river rats
  3 shadow imps
  A swamp drake skeleton (Crypt:1)
  4 oozes
  A sheep zombie (Crypt:3)
  2 adder skeletons
  A sheep skeleton (Crypt:3)
  8 worms
  4 dart slugs
  8 giant geckos
  93 orcs
  A bat zombie (Shoals:4)
  7 giant cockroaches
  6 goblins
  4 hobgoblins
  19 jackals
  4 quokkas
  A ball python (D:3)
  25 bats
  A giant gecko skeleton (D:6)
  5 giant newts
  A jackal skeleton (D:5)
  10 kobolds
  A quokka skeleton (D:5)
  6 rats
  2 crawling corpses (Vaults:1)
  3 plants (Lair:8)
  4 tentacles (Shoals:2)
1875 creatures vanquished.

Vanquished Creatures (collateral kills)
  2 merfolk javelineers (Shoals:4)
  4 satyrs (Shoals:4)
  2 fauns (Shoals:4)
  A siren (Shoals:4)
  3 deep elf magi (Elf:1)
  A vault sentinel (Vaults:3)
  A guardian mummy (Tomb:1)
  2 snapping turtles (Shoals:4)
16 creatures vanquished.

Vanquished Creatures (others)
  2 deep elf knights (Elf:2)
  A skeletal warrior (Tomb:1)
  4 death scarabs (Tomb:1)
  A harpy (Shoals:4)
  An orc warrior (Vaults:2)
  An ogre (Vaults:2)
  A mummy (Tomb:1)
  An orc (D:9)
  17 fungi
  4 lost souls
  8 plants
  A tentacle (Shoals:2)
  188 tentacle segments (Shoals:2)
230 creatures vanquished.

Grand Total: 2121 creatures vanquished

Notes
Turn   | Place    | Note
--------------------------------------------------------------
     0 | D:1      | Inkary the Minotaur Berserker began the quest for the Orb.
     0 | D:1      | Reached XP level 1. HP: 19/19 MP: 0/0
   124 | D:1      | Reached XP level 2. HP: 12/27 MP: 1/1
   943 | D:2      | Reached XP level 3. HP: 22/34 MP: 2/2
  1223 | D:2      | Reached ** piety under Trog
  1359 | D:2      | Reached XP level 4. HP: 31/41 MP: 3/3
  1373 | D:2      | Found a shadowy altar of Dithmenos.
  1780 | D:3      | Reached skill level 5 in Fighting
  1930 | D:3      | Reached skill level 1 in Shields
  1955 | D:3      | Found an opulent altar of Gozag.
  2216 | D:3      | Reached XP level 5. HP: 48/48 MP: 4/4
  2227 | D:3      | Noticed lawna's ghost (weakling CeGl)
  2236 | D:3      | Killed lawna's ghost
  2431 | D:4      | Noticed a phantom
  2434 | D:4      | Reached *** piety under Trog
  2462 | D:4      | Killed a phantom
  2462 | D:4      | Reached skill level 5 in Maces & Flails
  2462 | D:4      | Reached skill level 2 in Shields
  2462 | D:4      | Reached XP level 6. HP: 23/56 MP: 5/5
  2818 | D:4      | Got a shimmering mace
  2819 | D:4      | Identified the +5 mace "Goricias" {crush, MR+} (You found it on level 4 of the Dungeon)
  2940 | D:4      | Reached XP level 7. HP: 40/62 MP: 6/6
  2958 | D:4      | Reached skill level 3 in Shields
  3362 | D:5      | Entered Level 5 of the Dungeon
  3362 | D:5      | Noticed Menkaure
  3476 | D:5      | Killed Menkaure
  3525 | D:5      | Reached skill level 5 in Armour
  3583 | D:5      | Noticed Crazy Yiuf
  3587 | D:5      | Killed Crazy Yiuf
  3660 | D:5      | Found a blossoming altar of Fedhas.
  3667 | D:5      | Found a shadowy altar of Dithmenos.
  3668 | D:5      | Found a white marble altar of Elyvilon.
  3671 | D:5      | Found a bloodstained altar of Trog.
  3671 | D:5      | Found an iron altar of Okawaru.
  3673 | D:5      | Found a burning altar of Makhleb.
  3674 | D:5      | Found a sparkling altar of Nemelex Xobeh.
  3918 | D:5      | Reached skill level 5 in Dodging
  3931 | D:5      | Reached **** piety under Trog
  3941 | D:5      | Reached XP level 8. HP: 71/71 MP: 7/7
  4075 | D:5      | Reached skill level 4 in Shields
  4370 | D:5      | Found a sparkling altar of Nemelex Xobeh.
  4392 | D:6      | Noticed Inkary's ghost (novice MiBe)
  4403 | D:6      | Killed Inkary's ghost
  4403 | D:6      | Reached skill level 5 in Shields
  4403 | D:6      | Reached XP level 9. HP: 81/81 MP: 8/8
  4475 | D:6      | Noticed Grinder
  4484 | D:6      | Killed Grinder
  4580 | D:6      | Noticed Blork the orc
  4587 | D:6      | Killed Blork the orc
  4670 | D:6      | Reached skill level 6 in Shields
  4738 | D:6      | Reached ***** piety under Trog
  5126 | D:7      | Gained mutation: Your muscles are strong. (Str +2) [potion of mutation]
  5126 | D:7      | Gained mutation: You are frail (-10% HP). [potion of mutation]
  5126 | D:7      | Gained mutation: You are partially covered in iridescent scales (AC +4). [potion of mutation]
  5127 | D:7      | Gained mutation: You tend to lose your temper in combat. [potion of mutation]
  5127 | D:7      | Lost mutation: You tend to lose your temper in combat. [potion of mutation]
  5128 | D:7      | Lost mutation: You are frail (-10% HP). [potion of mutation]
  5128 | D:7      | Gained mutation: You are somewhat resistant to further mutation. [potion of mutation]
  5192 | D:7      | Found a staircase to the Ecumenical Temple.
  5211 | Temple   | Entered the Ecumenical Temple
  5605 | D:7      | Noticed Dowan
  5606 | D:7      | Noticed Duvessa
  5619 | D:7      | Killed Duvessa
  5619 | D:7      | Reached skill level 7 in Shields
  5619 | D:7      | Reached XP level 10. HP: 90/90 MP: 9/9
  5624 | D:7      | Killed Dowan
  6573 | D:9      | Noticed Joseph
  6587 | D:9      | Killed Joseph
  6649 | D:9      | Found a staircase to the Lair.
  6683 | D:9      | Found Veracija's Jewellery Shoppe.
  6888 | D:9      | Found Gonkoch's Food Shoppe.
  6992 | D:9      | Received a gift from Trog
  7036 | D:9      | Reached skill level 8 in Shields
  7127 | D:9      | Reached skill level 10 in Fighting
  7275 | D:9      | Found Reaxt's Antique Weapon Boutique.
  7603 | D:10     | Entered Level 10 of the Dungeon
  7741 | D:10     | Noticed a hill giant
  7746 | D:10     | Noticed a gargoyle
  7748 | D:10     | Killed a hill giant
  7748 | D:10     | Reached skill level 10 in Maces & Flails
  7748 | D:10     | Reached XP level 11. HP: 79/99 MP: 10/10
  7808 | D:10     | Noticed Josephine
  7815 | D:10     | Killed Josephine
  7820 | D:10     | Reached skill level 9 in Shields
  7967 | D:10     | Noticed a hill giant
  7987 | D:10     | Killed a hill giant
  7987 | D:10     | Reached skill level 10 in Armour
  8186 | D:11     | Noticed a hill giant
  8193 | D:11     | Killed a hill giant
  8201 | D:11     | Reached skill level 1 in Throwing
  8252 | D:11     | Noticed an unseen horror
  8273 | D:11     | Killed an unseen horror
  8424 | D:11     | Noticed a hill giant
  8431 | D:11     | Killed a hill giant
  8493 | D:11     | You fall through a shaft!
  8501 | D:12     | Found a staircase to the Orcish Mines.
  8559 | D:11     | Got a slimy plate armour
  8601 | D:11     | Identified the +1 plate armour "Imuigoqa" {rF+++ MR+ Int-4 SInv} (You found it on level 11 of the Dungeon)
  8601 | D:11     | Lost intelligence.
  8878 | D:11     | Noticed a hill giant
  8888 | D:11     | Killed a hill giant
  8948 | D:12     | Noticed Azrael
  8961 | D:11     | Reached XP level 12. HP: 39/110 MP: 11/11
  9005 | D:11     | Reached skill level 10 in Dodging
  9010 | D:11     | Reached skill level 10 in Shields
  9105 | D:12     | Killed Azrael
  9253 | D:12     | Noticed Rupert
  9264 | D:12     | Killed Rupert
  9282 | D:12     | Noticed a death knight
  9298 | D:12     | Killed a death knight
  9728 | D:12     | Noticed Erolcha
  9738 | D:12     | Killed Erolcha
  9936 | D:13     | Gained mutation: You possess an exceptional clarity of mind. [potion of mutation]
 10170 | D:13     | Reached skill level 5 in Throwing
 10581 | D:14     | Reached XP level 13. HP: 111/119 MP: 12/12
 10603 | D:14     | Received a gift from Trog
 10777 | D:14     | Noticed Elystan's ghost (journeyman GrMo)
 10818 | D:14     | Killed Elystan's ghost
 11099 | D:14     | Found a gate to the Vaults.
 11272 | D:14     | Received a gift from Trog
 11431 | D:15     | Entered Level 15 of the Dungeon
 12168 | D:15     | Found a staircase to the Depths.
 12168 | D:15     | Noticed a frost giant
 12289 | Lair:1   | Entered Level 1 of the Lair of Beasts
 12358 | Lair:1   | Reached XP level 14. HP: 112/132 MP: 13/13
 12399 | Lair:1   | Received a gift from Trog
 12947 | Lair:2   | Found a dark tunnel.
 12964 | Volcano  | Entered a volcano
 13386 | Lair:2   | Noticed PeterLawrence's ghost (journeyman MiFi)
 13397 | Lair:2   | Killed PeterLawrence's ghost
 13926 | Lair:3   | Noticed Gastronok
 13929 | Lair:3   | Noticed Harold
 13937 | Lair:3   | Killed Gastronok
 13940 | Lair:3   | Killed Harold
 14009 | Lair:3   | Found a staircase to the Snake Pit.
 14149 | Lair:3   | Received a gift from Trog
 14149 | Lair:3   | Reached skill level 15 in Fighting
 14929 | Lair:4   | Found a staircase to the Shoals.
 14995 | Lair:4   | Reached skill level 15 in Maces & Flails
 15057 | Lair:4   | Noticed tyranidshit's ghost (journeyman DDNe)
 15102 | Lair:4   | Killed tyranidshit's ghost
 16680 | Lair:6   | Received a gift from Trog
 17478 | Lair:7   | Reached XP level 15. HP: 143/143 MP: 14/14
 17563 | Lair:7   | Received a gift from Trog
 17844 | Lair:7   | Found a staircase to the Slime Pits.
 18276 | Lair:8   | Entered Level 8 of the Lair of Beasts
 18581 | Lair:8   | Received a gift from Trog
 18588 | Lair:8   | Reached skill level 15 in Dodging
 18646 | Lair:8   | Found a radiant altar of Vehumet.
 19276 | Lair:8   | Got a scorched morningstar
 19278 | Lair:8   | Identified the +2 morningstar of the Apocalypse {crush, Str+7} (You found it on level 8 of the Lair of Beasts)
 19423 | Lair:8   | Identified a scroll of acquirement
 19431 | Lair:8   | Got a slimy turquoise ring
 19857 | Orc:1    | Entered Level 1 of the Orcish Mines
 19971 | Orc:1    | Received a gift from Trog
 20192 | Orc:2    | Entered Level 2 of the Orcish Mines
 20368 | Orc:2    | Received a gift from Trog
 20436 | Orc:2    | Found a roughly hewn altar of Beogh.
 20451 | Orc:2    | Found Xaixuc's Gadget Shoppe.
 20515 | Orc:2    | Bought a wand of digging (8/24) for 408 gold pieces
 20603 | Orc:2    | Found Raikurph's Magic Scroll Shoppe.
 20603 | Orc:2    | Found Poedukh's Book Shop.
 20645 | Orc:2    | Bought a scroll of identify for 24 gold pieces
 20645 | Orc:2    | Bought a scroll of identify for 24 gold pieces
 20645 | Orc:2    | Bought a scroll of identify for 24 gold pieces
 20645 | Orc:2    | Bought a scroll of enchant armour for 90 gold pieces
 20645 | Orc:2    | Bought a scroll of identify for 24 gold pieces
 20706 | Orc:2    | Found a staircase to the Elven Halls.
 20938 | Orc:2    | Reached XP level 16. HP: 116/155 MP: 15/15
 20949 | Orc:2    | Received a gift from Trog
 20986 | Orc:2    | Found Boudgh's Magic Scroll Shoppe.
 20986 | Orc:2    | Found Zeisoom Jod's Magic Scroll Shop.
 20999 | Orc:2    | Found a roughly hewn altar of Beogh.
 21019 | Orc:2    | Bought a scroll of enchant armour for 97 gold pieces
 21019 | Orc:2    | Bought 3 scrolls of identify for 78 gold pieces
 21019 | Orc:2    | Bought a scroll of blinking for 97 gold pieces
 21019 | Orc:2    | Bought a scroll of blinking for 97 gold pieces
 21021 | Orc:2    | Identified the cursed ring "Cumetal" {*Confuse rPois rC+ rN+ Int-5} (You found it on level 8 of the Lair of Beasts)
 21032 | Orc:2    | Bought a scroll of acquirement for 780 gold pieces
 21032 | Orc:2    | Bought a scroll of enchant weapon for 112 gold pieces
 21039 | Orc:2    | Bought a scroll of identify for 30 gold pieces
 21407 | Elf:1    | Entered Level 1 of the Elven Halls
 21423 | Elf:1    | Received a gift from Trog
 21470 | Elf:1    | Noticed Kirke
 21470 | Elf:1    | Noticed Aizul
 21492 | Elf:1    | Killed Aizul
 21498 | Elf:1    | Killed Kirke
 21500 | Elf:1    | Received a gift from Trog
 21619 | Elf:1    | Found a shimmering altar of Xom.
 21645 | Elf:1    | Noticed Donald
 21660 | Elf:1    | Killed Donald
 21854 | Elf:1    | Identified the Catalogue of Creation (You found it on level 1 of the Elven Halls)
 22026 | Elf:1    | Noticed Roxanne
 22045 | Elf:1    | Killed Roxanne
 22159 | Elf:1    | Found an ancient bone altar of Kikubaaqudgha.
 22677 | Elf:2    | Received a gift from Trog
 22976 | Elf:2    | Found a runed gate.
 22976 | Elf:2    | Found a runed gate.
 22984 | Elf:2    | Found a runed gate.
 23093 | Elf:2    | Noticed a deep elf blademaster
 23122 | Elf:2    | Killed a deep elf blademaster
 23122 | Elf:2    | Reached XP level 17. HP: 38/162 MP: 16/16
 23664 | Elf:3    | Entered Level 3 of the Elven Halls
 23702 | Elf:3    | Found a portal to a secret trove of treasure.
 24194 | Elf:3    | Noticed a deep elf blademaster
 24226 | Elf:3    | Noticed a Brimstone Fiend
 24812 | Elf:3    | Noticed a deep elf blademaster
 24836 | Elf:3    | Killed a deep elf blademaster
 24932 | Elf:3    | Noticed a deep elf master archer
 25014 | Elf:2    | Killed a deep elf blademaster
 25225 | Elf:1    | Received a gift from Trog
 25650 | Snake:1  | Entered Level 1 of the Snake Pit
 26959 | Snake:2  | Noticed Norris
 26978 | Snake:2  | Killed Norris
 27032 | Snake:2  | Reached XP level 18. HP: 124/170 MP: 17/17
 27274 | Snake:2  | Noticed Vashnia
 27590 | Snake:2  | Killed Vashnia
 27841 | Snake:3  | Noticed Agnes
 28035 | Snake:3  | Received a gift from Trog
 28265 | Snake:3  | Killed Agnes
 28523 | Snake:3  | Received a gift from Trog
 28690 | Snake:3  | Reached skill level 11 in Shields
 29406 | Snake:4  | Entered Level 4 of the Snake Pit
 29480 | Snake:4  | Reached skill level 12 in Shields
 29940 | Snake:4  | Noticed Mara
 29958 | Snake:4  | Noticed Inkary's illusion
 29976 | Snake:4  | Killed Mara
 29976 | Snake:4  | Reached skill level 13 in Shields
 30099 | Snake:4  | Reached skill level 14 in Shields
 30203 | Snake:4  | Reached XP level 19. HP: 177/177 MP: 18/18
 30245 | Snake:4  | Received a gift from Trog
 30330 | Snake:4  | Reached skill level 15 in Shields
 30474 | Snake:4  | Received a gift from Trog
 30601 | Snake:4  | Reached skill level 16 in Shields
 31033 | Snake:4  | Got a serpentine rune of Zot
 31609 | D:9      | Bought a +4 ring of dexterity for 459 gold pieces
 31609 | D:9      | Bought the ring "Beprooh" {rCorr SInv} for 530 gold pieces
 31753 | Shoals:1 | Entered Level 1 of the Shoals
 32032 | Shoals:1 | Reached skill level 17 in Shields
 32142 | Shoals:1 | Found Ducoiq's Armour Boutique.
 32305 | Shoals:1 | Received a gift from Trog
 32882 | Shoals:2 | Reached skill level 18 in Shields
 33205 | Shoals:3 | Found Xostraoh's General Store.
 33566 | Shoals:4 | Entered Level 4 of the Shoals
 33908 | Shoals:3 | Received a gift from Trog
 33960 | Shoals:3 | Reached skill level 1 in Evocations
 34092 | Shoals:4 | Reached skill level 19 in Shields
 34179 | Shoals:4 | Got a bloodstained flail
 34180 | Shoals:4 | Identified the cursed +1 flail of the Ship {drain, +Inv rElec rN+ Int+4} (You found it on level 4 of the Shoals)
 34197 | Shoals:4 | Noticed Ilsuiw
 34214 | Shoals:4 | Noticed Polyphemus
 34238 | Shoals:3 | Received a gift from Trog
 34277 | Shoals:3 | Reached XP level 20. HP: 119/185 MP: 21/21
 34705 | Shoals:3 | Killed Polyphemus
 34751 | Shoals:3 | Killed Ilsuiw
 35309 | Shoals:3 | Reached skill level 5 in Evocations
 35699 | Shoals:4 | Got a barnacled rune of Zot
 36121 | Shoals:3 | Bought a potion of haste for 130 gold pieces
 36121 | Shoals:3 | Bought a scroll of identify for 26 gold pieces
 36313 | Slime:1  | Entered Level 1 of the Pits of Slime
 36608 | Vaults:1 | Entered Level 1 of the Vaults
 36931 | Vaults:1 | Reached skill level 20 in Shields
 37287 | Vaults:1 | Received a gift from Trog
 37464 | Vaults:1 | Paralysed by a great orb of eyes for 4 turns
 38110 | Vaults:1 | Paralysed by a hornet for 2 turns
 38121 | Vaults:1 | Reached skill level 21 in Shields
 38122 | Vaults:1 | Received a gift from Trog
 38861 | Vaults:2 | Received a gift from Trog
 38981 | Vaults:2 | Found Liyt's General Store.
 39074 | Vaults:2 | Noticed Jorgrun
 39116 | Vaults:2 | Noticed a Tzitzimitl
 39124 | Vaults:2 | Killed Jorgrun
 39333 | Vaults:2 | Reached skill level 22 in Shields
 39337 | Vaults:2 | Reached XP level 21. HP: 192/192 MP: 24/24
 39915 | Vaults:2 | Noticed Boris
 39970 | Vaults:2 | Killed Boris
 40240 | Vaults:2 | Got a slimy hat
 40248 | Vaults:2 | Lost intelligence.
 40256 | Vaults:2 | Identified the +2 hat of Minor Irritation {Dex+3} (You acquired it on level 2 of the Vaults)
 40640 | Vaults:3 | Received a gift from Trog
 40704 | Vaults:3 | Found a staircase to the Crypt.
 40834 | Vaults:3 | Reached skill level 23 in Shields
 41060 | Vaults:3 | Got a slimy ring mail
 41071 | Vaults:3 | Identified the +2 ring mail of Zoataan {+Inv MR+ Int+5} (You found it on level 3 of the Vaults)
 41624 | Crypt:1  | Entered Level 1 of the Crypt
 41727 | Crypt:1  | Reached skill level 24 in Shields
 41949 | Crypt:1  | Noticed Saint Roka
 41971 | Crypt:1  | Received a gift from Trog
 41987 | Crypt:1  | Killed Saint Roka
 42091 | Crypt:1  | Noticed Krapule's ghost (veteran MiFi)
 42126 | Crypt:1  | Killed Krapule's ghost
 42802 | Crypt:2  | Reached skill level 25 in Shields
 43029 | Crypt:2  | Reached XP level 22. HP: 189/200 MP: 25/25
 43287 | Crypt:2  | Got a shimmering leather armour
 43288 | Crypt:2  | Identified the +3 leather armour "Huviuri" {Int+8} (You found it on level 2 of the Crypt)
 43563 | Crypt:3  | Entered Level 3 of the Crypt
 43949 | Crypt:3  | Noticed a curse toe
 43953 | Crypt:3  | Killed a curse toe
 44074 | Crypt:3  | Found a staircase to the Tomb.
 44139 | Crypt:3  | Reached skill level 15 in Armour
 44293 | Crypt:3  | Got a jewelled double sword
 44310 | Crypt:3  | Identified the +4 double sword of Eternity {venom, *Noise rPois Dex+2 SInv} (You found it on level 3 of the Crypt)
 44330 | Crypt:3  | Got a bound amber ring
 44337 | Crypt:3  | Identified the ring of Coenufuco {rC+ Dex+4} (You found it on level 3 of the Crypt)
 44762 | Tomb:1   | Entered Level 1 of the Tomb of the Ancients
 45397 | Tomb:1   | Noticed a greater mummy
 45407 | Tomb:1   | Killed a greater mummy
 45482 | Tomb:1   | Noticed a greater mummy
 45521 | Tomb:1   | Killed a greater mummy
 45932 | Tomb:1   | Noticed a greater mummy
 45944 | Tomb:1   | Killed a greater mummy
 45944 | Tomb:1   | Reached XP level 23. HP: 173/204 MP: 26/26
 45945 | Tomb:1   | Noticed a greater mummy
 46175 | Tomb:1   | Killed a greater mummy
 46181 | Tomb:1   | HP: 2/303 [mummy priest's death curse (30)]
 46181 | Tomb:1   | Succumbed to a death scarab's dark miasma

Skill      XL: |  1  2  3  4  5  6  7  8  9 10 11 12 13 14 15 16 17 18 19 20 21 22 |
---------------+-------------------------------------------------------------------+-----
Fighting       | 4 5 6 7 8 10 11 12 14 15 17 | 17.6
Maces & Flails | 4 5 6 7 8 10 11 12 14 15 17 20 23 24 | 24.4
Dodging        | 3 4 5 6 7 8 9 11 12 14 15 16 | 16.0
Armour         | 3 4 5 6 7 9 10 11 18 | 18.9
Shields        | 1 2 3 5 7 8 9 10 14 19 22 25 | 25.1
Throwing       | 2 5 |  5.0
Evocations     | 2 6 |  6.1

Action                   |  1- 3 |  4- 6 |  7- 9 | 10-12 | 13-15 | 16-18 | 19-21 | 22-24 || total
-------------------------+-------+-------+-------+-------+-------+-------+-------+-------++-------
Melee: Mace              |    89 |   105 |   269 |   525 |   841 |       |       |       ||  1829
       Headbutt          |    13 |    22 |    62 |   145 |   446 |   405 |   889 |   169 ||  2151
       Whip              |       |    30 |       |       |       |       |       |       ||    30
       Eveningstar       |       |       |       |       |   497 |   139 |   295 |   494 ||  1425
       Morningstar       |       |       |       |       |   160 |  1092 |   198 |       ||  1450
       Maul              |       |       |       |       |       |    34 |       |       ||    34
       Demon whip        |       |       |       |       |       |    84 |  1152 |       ||  1236
       Flail             |       |       |       |       |       |       |   808 |       ||   808
Throw: Throwing net      |       |       |       |     6 |     2 |       |     1 |     1 ||    10
Invok: Trog's Hand       |       |     3 |    10 |    15 |    36 |    64 |    45 |    16 ||   189
       Berserk           |       |     1 |     4 |     6 |    13 |    12 |    15 |     3 ||    54
       Brothers in Arms  |       |       |       |       |       |     2 |     4 |     2 ||     8
       Burn Spellbooks   |       |       |       |       |       |     2 |     5 |     2 ||     9
Evoke: Wand              |       |       |       |       |     7 |       |     3 |     3 ||    13
       Deck              |       |       |       |       |       |       |     1 |       ||     1
       Lamp of fire      |       |       |       |       |       |       |     1 |       ||     1
  Use: Scroll            |       |       |    11 |     9 |    24 |    21 |    25 |     7 ||    97
       Potion            |       |       |     3 |     3 |     1 |    14 |    10 |     3 ||    34
 Stab: Sleeping          |     1 |       |       |       |     1 |       |       |       ||     2
       Held in net/web   |       |     1 |       |     3 |     2 |       |       |       ||     6
       Petrified         |       |       |       |       |       |       |     1 |       ||     1
  Eat: Chunk             |     1 |     6 |    16 |    24 |    47 |    35 |    46 |       ||   175
       Fruit             |       |       |       |     1 |     2 |    12 |       |     7 ||    22
       Pizza             |       |       |       |       |     4 |     7 |     1 |       ||    12
       Royal jelly       |       |       |       |       |       |     2 |     9 |     4 ||    15
       Beef jerky        |       |       |       |       |       |       |     4 |     1 ||     5
       Bread ration      |       |       |       |       |       |       |     1 |       ||     1
       Meat ration       |       |       |       |       |       |       |       |     1 ||     1
Armor: Animal skin       |    10 |    14 |       |       |       |       |       |       ||    24
       Leather armour    |       |    32 |    38 |       |       |       |       |       ||    70
       Ring mail         |       |       |    43 |   191 |   326 |    26 |       |       ||   586
       Plate armour      |       |       |       |       |       |   432 |   703 |    96 ||  1231
Dodge: Dodged            |    57 |    70 |   204 |   345 |   654 |   557 |  1071 |   179 ||  3137
Block: Buckler           |       |    23 |    75 |   106 |       |       |       |       ||   204
       Shield            |       |       |       |   102 |   766 |   896 |  1676 |       ||  3440
       Large shield      |       |       |       |       |       |       |   400 |   526 ||   926
